Barons vs Wolves

Created - Tuesday, January 27, 2015 at 23:52

Goals
1 2 3 T
Barons 2 5 1 8
Wolves 1 1 0 2
Shots
1 2 3 T
Barons 10 11 5 26
Wolves 10 6 15 31

1st period

1. Barons , Scott Hannan 4 (Torrey Mitchell, Steve Bernier) at 2:57 (PP)
2. Wolves , Yannick Weber 32 (Scott Glennie, Corbin McPherson) at 5:55
3. Barons , Steve Bernier 17 (Ryan Spooner, Torrey Mitchell) at 16:13

Penalties :
Jared Boll (CHI) for Slashing (Minor) at 1:13, Joel Broda (CHI) for High sticking (Minor) at 19:34

2nd period

4. Barons , Saku Koivu 13 (Devin Setoguchi, Scott Hannan) at 0:16 (PP)
5. Barons , Chuck Kobasew 20 (Devin Setoguchi, Teemu Pulkkinen) at 8:42 (PP)
6. Barons , Devin Setoguchi 33 (Saku Koivu, David Musil) at 9:44
7. Barons , Torrey Mitchell 19 (Ryan Spooner) at 12:42 (PP)
8. Wolves , Jared Boll 20 (Chris Terry, Yannick Weber) at 13:36 (PP)
9. Barons , Saku Koivu 14 (Devin Setoguchi, Scott Hannan) at 14:10

Penalties :
Scott Hannan (OKC) for Roughing (Minor) at 2:26, Cedric Paquette (CHI) for Hooking (Minor) at 8:01, Cedric Paquette (CHI) for Holding (Minor) at 12:39, David Musil (OKC) for Tripping (Minor) at 13:26, Jared Boll (CHI) for Cross-checking (Minor) at 14:27, Michael Caruso (CHI) for High sticking (Minor) at 18:29

3rd period

10. Barons , Torrey Mitchell 20 (Ryan Spooner) at 0:10 (PP)

Penalties :
Nicklas Jensen (CHI) for Holding (Minor) at 7:53

Goalie Stats

Ray Emery (OKC), 29 saves from 31 shots - (0.935), W, 41-4-8, 60:00 minutes
Farm Player93 (CHI), 2 saves from 6 shots - (0.333), 11:28 minutes
Scott Wedgewood (CHI), 16 saves from 20 shots - (0.800), L, 13-8-7, 48:32 minutes

Players Stats for Barons

Player Name              G  A  P  +/- PIM S  H  SB GA TA FO     MP     PP MP  PK MP  
------------------------------------------------------------------------------------
Andy Miele               0  0  0  -1  0   0  3  1  2  0  5/9    14:36   0:00   0:07 
Brad Winchester          0  0  0   2  0   0  1  0  0  1  1/2    15:58   0:00   1:11 
Chris Porter             0  0  0   0  0   1  2  0  0  0  0/0     8:43   0:18   0:20 
Chuck Kobasew            1  0  1  -1  0   6  0  1  1  0  1/2    13:22   0:43   0:00 
Daniel New               0  0  0   2  0   0  2  1  0  2  0/0    25:48   5:35   1:08 
David Kolomatis          0  0  0   0  0   0  1  0  0  1  0/0    27:55   3:14   1:32 
David Musil              0  1  1   0  2   0  2  1  0  2  0/0    23:16   3:14   1:28 
Devin Setoguchi          1  3  4   2  0   1  3  0  1  1  0/1    18:58   4:15   0:00 
Mike Rupp                0  0  0   0  0   0  0  0  0  0  0/0     0:00   0:00   0:00 
Ryan Parent              0  0  0   0  0   0  0  0  0  0  0/0     3:11   0:00   0:00 
Ryan Spooner             0  3  3   1  0   1  0  0  3  2  6/13   18:34   4:34   0:00 
Saku Koivu               2  1  3   2  0   5  0  3  2  2  9/15   23:48   3:14   1:42 
Scott Hannan             1  2  3   2  2   4  1  1  1  0  0/0    26:42   5:35   0:10 
Shawn Thornton           0  0  0   0  0   2  0  1  0  0  0/0     7:56   0:00   0:00 
Steve Bernier            1  1  2   1  0   2  4  0  1  1  0/0    18:14   4:34   0:00 
Teemu Pulkkinen          0  1  1  -1  0   0  2  0  4  0  0/0    17:26   4:15   0:07 
Tommy Cross              0  0  0   0  0   0  1  0  0  0  0/0    13:44   0:00   0:00 
Torrey Mitchell          2  2  4   1  0   4  0  0  4  1  0/1    19:38   4:34   0:51 

Players Stats for Wolves

Player Name              G  A  P  +/- PIM S  H  SB GA TA FO     MP     PP MP  PK MP  
------------------------------------------------------------------------------------
Ben Hanowski             0  0  0   0  0   3  0  1  4  0  0/0     9:57   0:00   0:00 
Cedric Paquette          0  0  0   0  4   1  1  0  1  0  4/10   12:39   1:02   0:00 
Chris Terry              0  1  1   0  0   3  1  2  4  0  0/0    19:54   1:02   7:03 
Corbin McPherson         0  1  1   1  0   0  1  0  0  0  0/0    21:05   0:49   3:03 
Daniel Carcillo          0  0  0  -3  0   0  5  0  0  0  0/0    15:45   1:07   1:46 
Jared Boll               1  0  1   0  4   3  3  0  3  0  0/0    12:40   1:02   0:00 
Joel Broda               0  0  0   0  2   0  0  0  0  1  3/7     9:56   0:00   0:00 
Jordan Schroeder         0  0  0  -3  0   3  1  0  1  1  6/9    15:45   1:07   1:46 
Kent Huskins             0  0  0  -3  0   1  0  1  0  2  0/0    23:28   1:20   5:46 
Landon Ferraro           0  0  0   1  0   0  1  0  0  0  1/5    14:53   0:00   0:19 
Logan Shaw               0  0  0   0  0   0  2  0  1  0  0/0     9:57   0:00   0:00 
Mark Pysyk               0  0  0  -3  0   5  0  2  3  3  0/0    23:28   1:20   5:46 
Michael Caruso           0  0  0   0  2   1  1  0  0  0  0/0    15:26   0:00   0:00 
Nicklas Jensen           0  0  0   1  2   5  0  0  1  0  0/0    14:32   0:00   0:00 
Ryane Clowe              0  0  0  -3  0   2  2  1  4  0  7/12   20:43   1:07   6:44 
Scott Glennie            0  1  1   1  0   2  1  0  0  0  0/0    14:24   0:00   0:00 
Yann Sauve               0  0  0   0  0   0  0  2  0  2  0/0    15:27   0:00   0:00 
Yannick Weber            1  1  2   1  0   2  0  2  1  2  0/0    21:05   0:49   3:03 

3 Stars

1 - Devin Setoguchi (OKC)
2 - Torrey Mitchell (OKC)
3 - Saku Koivu (OKC)

Power Play

Barons - 5 on 7 Attempt(s) - 71.43%
Wolves - 1 on 2 Attempt(s) - 50.00%

Penalty Kill

Barons - 1 on 2 Attempt(s) - 50.00% - Score 0 goal in Penalty Kill
Wolves - 2 on 7 Attempt(s) - 28.57% - Score 0 goal in Penalty Kill

Team Stat

Barons - Hits : 22 - Faceoff Wins : 22 - Blocked Shots : 9 - Penalty Minutes : 4
Wolves - Hits : 19 - Faceoff Wins : 21 - Blocked Shots : 11 - Penalty Minutes : 14

Official

Referees : Unknown
Linesman : Unknown

Game Notes

Farm Player93 enters game at 8:42 of 2nd period
Scott Wedgewood enters game at 0:10 of 3rd period

Finance

Level 1 -- Attendance: 1449 (72.45%) -- Ticket Income $50,715
Level 2 -- Attendance: 714 (71.40%) -- Ticket Income $10,710
Total Attendance: 2163 (72.10%)
Total Ticket Income: $61,425
Other Income: $30,098
Total Income: $91,523

Barons

5 vs 5 Forward 
   Center                   Left Wing                Right Wing               Time % Phy DF OF 
 1 Saku Koivu               Brad Winchester          Devin Setoguchi          35     0   1  4  
 2 Ryan Spooner             Steve Bernier            Torrey Mitchell          30     0   1  4  
 3 Andy Miele               Teemu Pulkkinen          Chuck Kobasew            22     0   1  4  
 4 Saku Koivu               Chris Porter             Shawn Thornton           13     0   1  4  

5 vs 5 Defense 
   Defense                  Defense                                           Time % Phy DF OF 
 1 Scott Hannan             Daniel New                                        35     1   2  2  
 2 David Kolomatis          David Musil                                       30     1   2  2  
 3 David Kolomatis          Tommy Cross                                       22     1   2  2  
 4 David Kolomatis          David Musil                                       13     1   2  2  

PowerPlay Forward 
   Center                   Left Wing                Right Wing               Time % Phy DF OF 
 1 Saku Koivu               Teemu Pulkkinen          Devin Setoguchi          50     0   1  4  
 2 Ryan Spooner             Steve Bernier            Torrey Mitchell          50     0   1  4  

PowerPlay Defense
   Defense                  Defense                                           Time % Phy DF OF 
 1 Scott Hannan             Daniel New                                        60     1   2  2  
 2 David Kolomatis          David Musil                                       40     1   2  2  

Penalty Kill 4 Players Forward 
   Center                   Wing                     Time % Phy DF OF 
 1 Saku Koivu               Torrey Mitchell          60     1   2  2  
 2 Andy Miele               Teemu Pulkkinen          40     1   3  1  

Penalty Kill 4 Players Defense
   Defense                  Defense                  Time % Phy DF OF 
 1 Scott Hannan             Daniel New               60     1   2  2  
 2 David Kolomatis          David Musil              40     1   2  2  

Penalty Kill - 3 Players Forward 
   Forward                                           Time % Phy DF OF 
 1 Saku Koivu                                        50     1   2  2  
 2 Andy Miele                                        50     1   2  2  

Penalty Kill - 3 Players Defense
   Defense                  Defense                  Time % Phy DF OF 
 1 Tommy Cross              Ryan Parent              60     1   2  2  
 2 David Kolomatis          David Musil              40     1   2  2  

4 vs 4 Forward 
   Center                   Wing                     Time % Phy DF OF 
 1 Saku Koivu               Devin Setoguchi          60     0   1  4  
 2 Ryan Spooner             Chuck Kobasew            40     0   1  4  

4 vs 4 Defense
   Defense                  Defense                  Time % Phy DF OF 
 1 Daniel New               Scott Hannan             60     1   2  2  
 2 David Kolomatis          David Musil              40     1   2  2  

Last Minutes Offensive
   Center                   Left Wing                Right Wing               Defense                  Defense                  
   Saku Koivu               Ryan Spooner             Devin Setoguchi          David Kolomatis          Torrey Mitchell          

Last Minutes Defensive
   Center                   Left Wing                Right Wing               Defense                  Defense                  
   Saku Koivu               Teemu Pulkkinen          Torrey Mitchell          David Kolomatis          Scott Hannan             

Goaltenders
Starting : Ray Emery                
Backup : Mike Lee                 

Extra Forwards
Normal : Chuck Kobasew, Andy Miele, Teemu Pulkkinen - PP : Chuck Kobasew, Teemu Pulkkinen - PK : Torrey Mitchell
Extra Defensemen
Normal : David Musil, Tommy Cross, David Kolomatis - PP : David Kolomatis - PK : David Musil, David Kolomatis
Penalty Shots
Saku Koivu, Devin Setoguchi, Steve Bernier, Torrey Mitchell, Teemu Pulkkinen

Wolves

5 vs 5 Forward 
   Center                   Left Wing                Right Wing               Time % Phy DF OF 
 1 Jordan Schroeder         Ryane Clowe              Daniel Carcillo          35     1   2  2  
 2 Cedric Paquette          Chris Terry              Jared Boll               30     1   2  2  
 3 Landon Ferraro           Nicklas Jensen           Scott Glennie            22     1   2  2  
 4 Joel Broda               Ben Hanowski             Logan Shaw               13     1   2  2  

5 vs 5 Defense 
   Defense                  Defense                                           Time % Phy DF OF 
 1 Mark Pysyk               Kent Huskins                                      35     1   2  2  
 2 Yannick Weber            Corbin McPherson                                  30     1   2  2  
 3 Yann Sauve               Michael Caruso                                    22     1   2  2  
 4 Mark Pysyk               Kent Huskins                                      13     1   2  2  

PowerPlay Forward 
   Center                   Left Wing                Right Wing               Time % Phy DF OF 
 1 Jordan Schroeder         Ryane Clowe              Daniel Carcillo          60     1   2  2  
 2 Cedric Paquette          Chris Terry              Jared Boll               40     1   2  2  

PowerPlay Defense
   Defense                  Defense                                           Time % Phy DF OF 
 1 Mark Pysyk               Kent Huskins                                      60     1   2  2  
 2 Yannick Weber            Corbin McPherson                                  40     1   2  2  

Penalty Kill 4 Players Forward 
   Center                   Wing                     Time % Phy DF OF 
 1 Ryane Clowe              Chris Terry              60     1   2  2  
 2 Jordan Schroeder         Daniel Carcillo          40     1   2  2  

Penalty Kill 4 Players Defense
   Defense                  Defense                  Time % Phy DF OF 
 1 Mark Pysyk               Kent Huskins             60     1   2  2  
 2 Yannick Weber            Corbin McPherson         40     1   2  2  

Penalty Kill - 3 Players Forward 
   Forward                                           Time % Phy DF OF 
 1 Ryane Clowe                                       60     1   2  2  
 2 Chris Terry                                       40     1   2  2  

Penalty Kill - 3 Players Defense
   Defense                  Defense                  Time % Phy DF OF 
 1 Mark Pysyk               Kent Huskins             60     1   2  2  
 2 Yannick Weber            Corbin McPherson         40     1   2  2  

4 vs 4 Forward 
   Center                   Wing                     Time % Phy DF OF 
 1 Ryane Clowe              Chris Terry              60     1   2  2  
 2 Jordan Schroeder         Daniel Carcillo          40     1   2  2  

4 vs 4 Defense
   Defense                  Defense                  Time % Phy DF OF 
 1 Mark Pysyk               Kent Huskins             60     1   2  2  
 2 Yannick Weber            Corbin McPherson         40     1   2  2  

Last Minutes Offensive
   Center                   Left Wing                Right Wing               Defense                  Defense                  
   Jordan Schroeder         Ryane Clowe              Daniel Carcillo          Mark Pysyk               Kent Huskins             

Last Minutes Defensive
   Center                   Left Wing                Right Wing               Defense                  Defense                  
   Jordan Schroeder         Ryane Clowe              Daniel Carcillo          Mark Pysyk               Kent Huskins             

Goaltenders
Starting : Scott Wedgewood          
Backup : Farm Player93            

Extra Forwards
Normal : Nicklas Jensen, Scott Glennie, Landon Ferraro - PP : Nicklas Jensen, Scott Glennie - PK : Landon Ferraro
Extra Defensemen
Normal : Yann Sauve, Michael Caruso, Yannick Weber - PP : Yann Sauve - PK : Michael Caruso, Yannick Weber
Penalty Shots
Ryane Clowe, Chris Terry, Jordan Schroeder, Daniel Carcillo, Jared Boll

% Time on Ice - Barons

Lines # - Real PCT - Wanted PCT - Time Play
Normal Forward
1 - 30% - 35% - 14:43
2 - 29% - 30% - 14:18
3 - 25% - 22% - 12:05
4 - 16% - 13% - 7:56
Normal Defense
1 - 43% - 35% - 21:04
2 - 26% - 30% - 12:31
3 - 27% - 22% - 13:23
4 - 4% - 13% - 2:04
PP Forward
1 - 48% - 50% - 4:15
2 - 52% - 50% - 4:34
PP Defense
1 - 63% - 60% - 5:35
2 - 37% - 40% - 3:14
PK Forward
1 - 95% - 60% - 2:02
2 - 5% - 40% - 0:07
PK Defense
1 - 53% - 60% - 1:08
2 - 47% - 40% - 1:01
PK3 Forward
1 - 0% - 50%
2 - 0% - 50%
PK3 Defense
1 - 0% - 60%
2 - 0% - 40%
44 Forward
1 - 0% - 60%
2 - 0% - 40%
44 Defense
1 - 0% - 60%
2 - 0% - 40%
Last Minute Offensive  - 0:00
Last Minute Defensive  - 0:00
Total
Forward - 60:00
Defense - 60:00

% Time on Ice - Wolves

Lines # - Real PCT - Wanted PCT - Time Play
Normal Forward
1 - 27% - 35% - 13:02
2 - 24% - 30% - 11:39
3 - 29% - 22% - 14:24
4 - 20% - 13% - 9:57
Normal Defense
1 - 30% - 35% - 14:44
2 - 35% - 30% - 17:13
3 - 32% - 22% - 15:27
4 - 3% - 13% - 1:38
PP Forward
1 - 52% - 60% - 1:07
2 - 48% - 40% - 1:02
PP Defense
1 - 62% - 60% - 1:20
2 - 38% - 40% - 0:49
PK Forward
1 - 80% - 60% - 7:03
2 - 20% - 40% - 1:46
PK Defense
1 - 65% - 60% - 5:46
2 - 35% - 40% - 3:03
PK3 Forward
1 - 0% - 60%
2 - 0% - 40%
PK3 Defense
1 - 0% - 60%
2 - 0% - 40%
44 Forward
1 - 0% - 60%
2 - 0% - 40%
44 Defense
1 - 0% - 60%
2 - 0% - 40%
Last Minute Offensive  - 0:00
Last Minute Defensive  - 0:00
Total
Forward - 60:00
Defense - 60:00

Play by Play

1st period


0:01 of 1st period - Saku Koivu wins face-off versus Jordan Schroeder in neutral zone.
0:52 of 1st period - Steve Bernier is hit by Jared Boll and loses puck.
1:13 of 1st period - Minor Penalty to Jared Boll for Slashing.
1:14 of 1st period - Ryane Clowe wins face-off versus Saku Koivu in Wolves zone.
1:20 of 1st period - Slapshot by Yannick Weber.
1:20 of 1st period - Shot Blocked by David Musil.
2:14 of 1st period - Wrist shot by Torrey Mitchell.
2:14 of 1st period - Shot Misses the Net.
2:16 of 1st period - Wrist shot by Ryan Spooner.
2:16 of 1st period - Shot Misses the Net.
2:32 of 1st period - Snap shot by Saku Koivu.
2:32 of 1st period - Deflect By Ryane Clowe.
2:32 of 1st period - Shot Blocked by Ryane Clowe.
2:32 of 1st period - Puck is out of play.
2:33 of 1st period - Ryane Clowe wins face-off versus Devin Setoguchi in Wolves zone.
2:57 of 1st period - Wrist shot by Scott Hannan.
2:57 of 1st period - Goal by Scott Hannan - Barons : 1 - Wolves : 0.
2:58 of 1st period - Chuck Kobasew wins face-off versus Landon Ferraro in neutral zone.
3:19 of 1st period - Slapshot by Nicklas Jensen.
3:19 of 1st period - Deflect By Teemu Pulkkinen.
3:19 of 1st period - Stopped by Ray Emery without a rebound.
3:20 of 1st period - Joel Broda wins face-off versus Saku Koivu in Barons zone.
4:11 of 1st period - Jared Boll is hit by Tommy Cross and loses puck.
4:41 of 1st period - Wrist shot by Chris Terry.
4:41 of 1st period - Stopped by Ray Emery without a rebound.
4:42 of 1st period - Jordan Schroeder wins face-off versus Andy Miele in Barons zone.
4:51 of 1st period - Snap shot by Jordan Schroeder.
4:51 of 1st period - Stopped by Ray Emery with a rebound.
4:53 of 1st period - Snap shot by Jordan Schroeder.
4:53 of 1st period - Deflect By Scott Hannan.
4:53 of 1st period - Stopped by Ray Emery without a rebound.
4:54 of 1st period - Jordan Schroeder wins face-off versus Chuck Kobasew in Barons zone.
5:20 of 1st period - Andy Miele is hit by Daniel Carcillo and loses puck.
5:47 of 1st period - Slapshot by Nicklas Jensen.
5:47 of 1st period - Stopped by Ray Emery with a rebound.
5:49 of 1st period - Slapshot by Corbin McPherson.
5:49 of 1st period - Shot Blocked by Daniel New.
5:51 of 1st period - Slapshot by Yannick Weber.
5:51 of 1st period - Shot Misses the Net.
5:53 of 1st period - Snap shot by Scott Glennie.
5:53 of 1st period - Shot Misses the Net.
5:55 of 1st period - Slapshot by Yannick Weber.
5:55 of 1st period - Goal by Yannick Weber - Barons : 1 - Wolves : 1.
5:56 of 1st period - Saku Koivu wins face-off versus Cedric Paquette in neutral zone.
6:03 of 1st period - Slapshot by Saku Koivu.
6:03 of 1st period - Shot Blocked by Yannick Weber.
6:13 of 1st period - Slapshot by Yannick Weber.
6:13 of 1st period - Shot Misses the Net.
6:15 of 1st period - Wrist shot by Chris Terry.
6:15 of 1st period - Stopped by Ray Emery without a rebound.
6:16 of 1st period - Cedric Paquette wins face-off versus Saku Koivu in Barons zone.
6:28 of 1st period - Snap shot by Yannick Weber.
6:28 of 1st period - Stopped by Ray Emery with a rebound.
6:30 of 1st period - Snap shot by Chris Terry.
6:30 of 1st period - Shot Misses the Net.
6:43 of 1st period - Slapshot by Yannick Weber.
6:43 of 1st period - Shot Blocked by Saku Koivu.
6:58 of 1st period - Brad Winchester is hit by Daniel Carcillo and loses puck.
7:16 of 1st period - Jordan Schroeder is hit by Steve Bernier and loses puck.
7:23 of 1st period - Wrist shot by Steve Bernier.
7:23 of 1st period - Stopped by Scott Wedgewood with a rebound.
7:27 of 1st period - Snap shot by Steve Bernier.
7:27 of 1st period - Shot Blocked by Yannick Weber.
7:29 of 1st period - Wrist shot by Scott Hannan.
7:29 of 1st period - Stopped by Scott Wedgewood with a rebound.
7:31 of 1st period - Slapshot by Steve Bernier.
7:31 of 1st period - Deflect By Torrey Mitchell.
7:31 of 1st period - Stopped by Scott Wedgewood without a rebound.
7:32 of 1st period - Andy Miele wins face-off versus Landon Ferraro in Wolves zone.
7:33 of 1st period - Wrist shot by Teemu Pulkkinen.
7:33 of 1st period - Deflect By Nicklas Jensen.
7:33 of 1st period - Shot Blocked by Yann Sauve.
7:33 of 1st period - Puck is out of play.
7:34 of 1st period - Landon Ferraro wins face-off versus Andy Miele in Wolves zone.
7:34 of 1st period - Landon Ferraro is hit by Teemu Pulkkinen.
7:40 of 1st period - Snap shot by Nicklas Jensen.
7:40 of 1st period - Stopped by Ray Emery without a rebound.
7:41 of 1st period - Andy Miele wins face-off versus Landon Ferraro in Barons zone.
8:45 of 1st period - Slapshot by Ryan Spooner.
8:45 of 1st period - Shot Misses the Net.
8:47 of 1st period - Wrist shot by Steve Bernier.
8:47 of 1st period - Shot Misses the Net.
8:49 of 1st period - Snap shot by Scott Hannan.
8:49 of 1st period - Shot Blocked by Yann Sauve.
8:51 of 1st period - Wrist shot by Scott Hannan.
8:51 of 1st period - Stopped by Scott Wedgewood with a rebound.
9:14 of 1st period - Scott Glennie is hit by Daniel New and loses puck.
9:39 of 1st period - Wrist shot by Saku Koivu.
9:39 of 1st period - Stopped by Scott Wedgewood with a rebound.
9:41 of 1st period - Snap shot by Devin Setoguchi.
9:41 of 1st period - Shot Misses the Net.
10:21 of 1st period - Slapshot by Andy Miele.
10:21 of 1st period - Shot Hit the Post.
11:36 of 1st period - Jared Boll is hit by Chris Porter and loses puck.
11:45 of 1st period - Wrist shot by Chris Terry.
11:45 of 1st period - Shot Misses the Net.
11:47 of 1st period - Slapshot by Mark Pysyk.
11:47 of 1st period - Shot Blocked by Saku Koivu.
12:47 of 1st period - Icing by Kent Huskins.
12:48 of 1st period - Andy Miele wins face-off versus Joel Broda in Wolves zone.
14:46 of 1st period - Wrist shot by Ryan Spooner.
14:46 of 1st period - Shot Blocked by Kent Huskins.
15:10 of 1st period - Icing by Mark Pysyk.
15:11 of 1st period - Joel Broda wins face-off versus Andy Miele in Wolves zone.
15:34 of 1st period - Wrist shot by Saku Koivu.
15:34 of 1st period - Deflect By Shawn Thornton.
15:34 of 1st period - Stopped by Scott Wedgewood with a rebound.
15:36 of 1st period - Snap shot by Saku Koivu.
15:36 of 1st period - Shot Blocked by Chris Terry.
15:38 of 1st period - Slapshot by Chris Porter.
15:38 of 1st period - Shot Misses the Net.
15:40 of 1st period - Backhand shot by Saku Koivu.
15:40 of 1st period - Stopped by Scott Wedgewood without a rebound.
15:41 of 1st period - Saku Koivu wins face-off versus Cedric Paquette in Wolves zone.
15:48 of 1st period - Shawn Thornton is hit by Jared Boll and loses puck.
16:11 of 1st period - Wrist shot by Ryan Spooner.
16:11 of 1st period - Stopped by Scott Wedgewood with a rebound.
16:13 of 1st period - Snap shot by Steve Bernier.
16:13 of 1st period - Goal by Steve Bernier - Barons : 2 - Wolves : 1.
16:14 of 1st period - Andy Miele wins face-off versus Joel Broda in neutral zone.
17:03 of 1st period - Scott Hannan is hit by Ryane Clowe and loses puck.
17:14 of 1st period - Wrist shot by Jordan Schroeder.
17:14 of 1st period - Stopped by Ray Emery with a rebound.
17:16 of 1st period - Slapshot by Corbin McPherson.
17:16 of 1st period - Shot Misses the Net.
18:09 of 1st period - Icing by Corbin McPherson.
18:10 of 1st period - Cedric Paquette wins face-off versus Andy Miele in Wolves zone.
19:15 of 1st period - Joel Broda is hit by Brad Winchester.
19:34 of 1st period - Minor Penalty to Joel Broda for High sticking.
19:35 of 1st period - Ryane Clowe wins face-off versus Ryan Spooner in Wolves zone.
19:44 of 1st period - Scott Hannan is hit by Ryane Clowe and loses puck.
19:51 of 1st period - Ryane Clowe is hit by Daniel New and loses puck.
Goals for this period are 2 for Barons vs 1 for Wolves.
Shots for this period are 10 for Barons vs 10 for Wolves.

2nd period


0:01 of 2nd period - Ryane Clowe wins face-off versus Saku Koivu in neutral zone.
0:06 of 2nd period - Wrist shot by Ryane Clowe.
0:06 of 2nd period - Stopped by Ray Emery with a rebound.
0:16 of 2nd period - Wrist shot by Saku Koivu.
0:16 of 2nd period - Goal by Saku Koivu - Barons : 3 - Wolves : 1.
0:17 of 2nd period - Jordan Schroeder wins face-off versus Brad Winchester in neutral zone.
0:19 of 2nd period - Off-side.
0:20 of 2nd period - Saku Koivu wins face-off versus Jordan Schroeder in neutral zone.
0:53 of 2nd period - Mark Pysyk is hit by David Kolomatis.
2:00 of 2nd period - Snap shot by Nicklas Jensen.
2:00 of 2nd period - Shot Misses the Net.
2:02 of 2nd period - Wrist shot by Yannick Weber.
2:02 of 2nd period - Deflect By Scott Glennie.
2:02 of 2nd period - Stopped by Ray Emery with a rebound.
2:26 of 2nd period - Minor Penalty to Scott Hannan for Roughing.
2:27 of 2nd period - Ryane Clowe wins face-off versus Saku Koivu in Barons zone.
2:30 of 2nd period - Snap shot by Jordan Schroeder.
2:30 of 2nd period - Deflect By Saku Koivu.
2:30 of 2nd period - Shot Misses the Net.
2:30 of 2nd period - Puck is out of play.
2:31 of 2nd period - Jordan Schroeder wins face-off versus Saku Koivu in Barons zone.
3:44 of 2nd period - Saku Koivu is hit by Cedric Paquette and loses puck.
4:26 of 2nd period - Penalty to Scott Hannan is over, Scott Hannan is back on ice.
4:27 of 2nd period - Cedric Paquette is hit by David Musil and loses puck.
5:47 of 2nd period - Wrist shot by Ben Hanowski.
5:47 of 2nd period - Shot Misses the Net.
5:49 of 2nd period - Snap shot by Mark Pysyk.
5:49 of 2nd period - Stopped by Ray Emery with a rebound.
5:57 of 2nd period - Slapshot by Ben Hanowski.
5:57 of 2nd period - Shot Misses the Net.
6:38 of 2nd period - Wrist shot by Nicklas Jensen.
6:38 of 2nd period - Stopped by Ray Emery with a rebound.
6:46 of 2nd period - Scott Glennie is hit by Scott Hannan and loses puck.
7:07 of 2nd period - Snap shot by Chris Porter.
7:07 of 2nd period - Stopped by Scott Wedgewood with a rebound.
7:09 of 2nd period - Wrist shot by Chris Porter.
7:09 of 2nd period - Deflect By Shawn Thornton.
7:09 of 2nd period - Stopped by Scott Wedgewood with a rebound.
7:11 of 2nd period - Slapshot by Chuck Kobasew.
7:11 of 2nd period - Stopped by Scott Wedgewood with a rebound.
7:13 of 2nd period - Slapshot by Chuck Kobasew.
7:13 of 2nd period - Stopped by Scott Wedgewood with a rebound.
8:01 of 2nd period - Minor Penalty to Cedric Paquette for Hooking.
8:02 of 2nd period - Saku Koivu wins face-off versus Ryane Clowe in Wolves zone.
8:18 of 2nd period - Slapshot by Devin Setoguchi.
8:18 of 2nd period - Shot Blocked by Chris Terry.
8:42 of 2nd period - Wrist shot by Chuck Kobasew.
8:42 of 2nd period - Goal by Chuck Kobasew - Barons : 4 - Wolves : 1.
8:42 of 2nd period - Farm Player93 enters game.
8:43 of 2nd period - Andy Miele wins face-off versus Joel Broda in neutral zone.
9:44 of 2nd period - Snap shot by Devin Setoguchi.
9:44 of 2nd period - Goal by Devin Setoguchi - Barons : 5 - Wolves : 1.
9:45 of 2nd period - Ryan Spooner wins face-off versus Cedric Paquette in neutral zone.
10:24 of 2nd period - Mark Pysyk is hit by Steve Bernier and loses puck.
11:28 of 2nd period - Yannick Weber is hit by Devin Setoguchi and loses puck.
11:35 of 2nd period - Saku Koivu is hit by Scott Glennie and loses puck.
11:48 of 2nd period - Slapshot by Nicklas Jensen.
11:48 of 2nd period - Shot Misses the Net.
12:18 of 2nd period - Joel Broda is hit by Teemu Pulkkinen and loses puck.
12:31 of 2nd period - Slapshot by Mark Pysyk.
12:31 of 2nd period - Stopped by Ray Emery without a rebound.
12:32 of 2nd period - Ryan Spooner wins face-off versus Cedric Paquette in Barons zone.
12:32 of 2nd period - Ryan Spooner is hit by Jared Boll.
12:39 of 2nd period - Minor Penalty to Cedric Paquette for Holding.
12:40 of 2nd period - Ryan Spooner wins face-off versus Ryane Clowe in Wolves zone.
12:42 of 2nd period - Snap shot by Torrey Mitchell.
12:42 of 2nd period - Goal by Torrey Mitchell - Barons : 6 - Wolves : 1.
12:43 of 2nd period - Jordan Schroeder wins face-off versus Ryan Spooner in neutral zone.
13:26 of 2nd period - Minor Penalty to David Musil for Tripping.
13:27 of 2nd period - Saku Koivu wins face-off versus Cedric Paquette in Barons zone.
13:36 of 2nd period - Snap shot by Jared Boll.
13:36 of 2nd period - Goal by Jared Boll - Barons : 6 - Wolves : 2.
13:37 of 2nd period - Saku Koivu wins face-off versus Ryane Clowe in neutral zone.
14:04 of 2nd period - Snap shot by Saku Koivu.
14:04 of 2nd period - Stopped by Farm Player93 with a rebound.
14:06 of 2nd period - Slapshot by Scott Hannan.
14:06 of 2nd period - Stopped by Farm Player93 with a rebound.
14:08 of 2nd period - Snap shot by Devin Setoguchi.
14:08 of 2nd period - Shot Hit the Post.
14:10 of 2nd period - Snap shot by Saku Koivu.
14:10 of 2nd period - Goal by Saku Koivu - Barons : 7 - Wolves : 2.
14:11 of 2nd period - Cedric Paquette wins face-off versus Ryan Spooner in neutral zone.
14:27 of 2nd period - Minor Penalty to Jared Boll for Cross-checking.
14:28 of 2nd period - Ryane Clowe wins face-off versus Ryan Spooner in Wolves zone.
16:00 of 2nd period - Torrey Mitchell is hit by Daniel Carcillo and loses puck.
16:27 of 2nd period - Penalty to Jared Boll is over, Jared Boll is back on ice.
16:34 of 2nd period - Logan Shaw is hit by Devin Setoguchi and loses puck.
16:55 of 2nd period - Wrist shot by Chuck Kobasew.
16:55 of 2nd period - Shot Blocked by Ben Hanowski.
16:57 of 2nd period - Snap shot by Teemu Pulkkinen.
16:57 of 2nd period - Shot Misses the Net.
17:20 of 2nd period - David Kolomatis is hit by Corbin McPherson and loses puck.
17:27 of 2nd period - Slapshot by Nicklas Jensen.
17:27 of 2nd period - Shot Blocked by Saku Koivu.
18:22 of 2nd period - Snap shot by Chuck Kobasew.
18:22 of 2nd period - Shot Misses the Net.
18:29 of 2nd period - Minor Penalty to Michael Caruso for High sticking.
18:30 of 2nd period - Ryane Clowe wins face-off versus Ryan Spooner in Wolves zone.
18:38 of 2nd period - Corbin McPherson is hit by Steve Bernier and loses puck.
19:12 of 2nd period - Snap shot by Devin Setoguchi.
19:12 of 2nd period - Shot Misses the Net.
19:31 of 2nd period - Jordan Schroeder is hit by David Musil and loses puck.
Goals for this period are 5 for Barons vs 1 for Wolves.
Shots for this period are 11 for Barons vs 6 for Wolves.

3rd period


0:01 of 3rd period - Ryan Spooner wins face-off versus Ryane Clowe in neutral zone.
0:10 of 3rd period - Snap shot by Torrey Mitchell.
0:10 of 3rd period - Goal by Torrey Mitchell - Barons : 8 - Wolves : 2.
0:10 of 3rd period - Scott Wedgewood enters game.
0:11 of 3rd period - Saku Koivu wins face-off versus Jordan Schroeder in neutral zone.
0:14 of 3rd period - Mark Pysyk is hit by Devin Setoguchi and loses puck.
0:21 of 3rd period - Devin Setoguchi is hit by Jordan Schroeder and loses puck.
0:58 of 3rd period - Mark Pysyk is hit by Steve Bernier and loses puck.
1:03 of 3rd period - Slapshot by Ryan Spooner.
1:03 of 3rd period - Shot Blocked by Mark Pysyk.
1:28 of 3rd period - Torrey Mitchell is hit by Chris Terry and loses puck.
2:51 of 3rd period - Chris Porter is hit by Logan Shaw and loses puck.
3:21 of 3rd period - Slapshot by Ryane Clowe.
3:21 of 3rd period - Stopped by Ray Emery without a rebound.
3:22 of 3rd period - Saku Koivu wins face-off versus Cedric Paquette in Barons zone.
4:12 of 3rd period - Snap shot by Nicklas Jensen.
4:12 of 3rd period - Shot Misses the Net.
4:14 of 3rd period - Snap shot by Mark Pysyk.
4:14 of 3rd period - Shot Misses the Net.
4:16 of 3rd period - Wrist shot by Scott Glennie.
4:16 of 3rd period - Stopped by Ray Emery with a rebound.
4:18 of 3rd period - Wrist shot by Mark Pysyk.
4:18 of 3rd period - Deflect By Saku Koivu.
4:18 of 3rd period - Stopped by Ray Emery with a rebound.
4:20 of 3rd period - Slapshot by Mark Pysyk.
4:20 of 3rd period - Stopped by Ray Emery with a rebound.
4:22 of 3rd period - Slapshot by Mark Pysyk.
4:22 of 3rd period - Stopped by Ray Emery with a rebound.
4:32 of 3rd period - Wrist shot by Nicklas Jensen.
4:32 of 3rd period - Stopped by Ray Emery with a rebound.
4:34 of 3rd period - Slapshot by Corbin McPherson.
4:34 of 3rd period - Shot Misses the Net.
5:38 of 3rd period - Snap shot by Ben Hanowski.
5:38 of 3rd period - Stopped by Ray Emery without a rebound.
5:39 of 3rd period - Joel Broda wins face-off versus Ryan Spooner in Barons zone.
5:51 of 3rd period - Off-side.
5:52 of 3rd period - Cedric Paquette wins face-off versus Ryan Spooner in neutral zone.
5:59 of 3rd period - Snap shot by Chris Terry.
5:59 of 3rd period - Stopped by Ray Emery with a rebound.
6:24 of 3rd period - Wrist shot by Ryan Spooner.
6:24 of 3rd period - Shot Misses the Net.
6:42 of 3rd period - Ryane Clowe is hit by Andy Miele and loses puck.
6:49 of 3rd period - Slapshot by Chuck Kobasew.
6:49 of 3rd period - Stopped by Scott Wedgewood with a rebound.
7:01 of 3rd period - Snap shot by Chuck Kobasew.
7:01 of 3rd period - Stopped by Scott Wedgewood with a rebound.
7:03 of 3rd period - Wrist shot by Chuck Kobasew.
7:03 of 3rd period - Shot Misses the Net.
7:05 of 3rd period - Snap shot by Chuck Kobasew.
7:05 of 3rd period - Stopped by Scott Wedgewood with a rebound.
7:53 of 3rd period - Minor Penalty to Nicklas Jensen for Holding.
7:54 of 3rd period - Ryan Spooner wins face-off versus Ryane Clowe in Wolves zone.
7:57 of 3rd period - Slapshot by Ryan Spooner.
7:57 of 3rd period - Shot Blocked by Mark Pysyk.
9:53 of 3rd period - Penalty to Nicklas Jensen is over, Nicklas Jensen is back on ice.
10:09 of 3rd period - Wrist shot by Ben Hanowski.
10:09 of 3rd period - Stopped by Ray Emery with a rebound.
10:15 of 3rd period - Logan Shaw is hit by Andy Miele and loses puck.
10:39 of 3rd period - Shawn Thornton is hit by Logan Shaw and loses puck.
11:44 of 3rd period - Slapshot by Torrey Mitchell.
11:44 of 3rd period - Stopped by Scott Wedgewood with a rebound.
11:50 of 3rd period - Snap shot by Torrey Mitchell.
11:50 of 3rd period - Deflect By Nicklas Jensen.
11:50 of 3rd period - Shot Misses the Net.
11:50 of 3rd period - Puck is out of play.
11:51 of 3rd period - Jordan Schroeder wins face-off versus Torrey Mitchell in Wolves zone.
12:14 of 3rd period - Saku Koivu is hit by Daniel Carcillo and loses puck.
12:41 of 3rd period - Backhand shot by Ben Hanowski.
12:41 of 3rd period - Stopped by Ray Emery with a rebound.
12:43 of 3rd period - Snap shot by Logan Shaw.
12:43 of 3rd period - Shot Blocked by Chuck Kobasew.
12:53 of 3rd period - Slapshot by Yannick Weber.
12:53 of 3rd period - Shot Blocked by Andy Miele.
13:03 of 3rd period - Snap shot by Ben Hanowski.
13:03 of 3rd period - Shot Misses the Net.
13:21 of 3rd period - Snap shot by Jared Boll.
13:21 of 3rd period - Stopped by Ray Emery with a rebound.
13:23 of 3rd period - Slapshot by Yann Sauve.
13:23 of 3rd period - Shot Misses the Net.
13:25 of 3rd period - Snap shot by Chris Terry.
13:25 of 3rd period - Shot Misses the Net.
13:53 of 3rd period - Mark Pysyk is hit by Andy Miele and loses puck.
15:25 of 3rd period - Wrist shot by Chris Terry.
15:25 of 3rd period - Deflect By Jared Boll.
15:25 of 3rd period - Stopped by Ray Emery with a rebound.
15:27 of 3rd period - Slapshot by Kent Huskins.
15:27 of 3rd period - Stopped by Ray Emery with a rebound.
16:23 of 3rd period - Ben Hanowski is hit by Chris Porter and loses puck.
17:29 of 3rd period - Chris Porter is hit by Landon Ferraro and loses puck.
17:57 of 3rd period - Snap shot by Cedric Paquette.
17:57 of 3rd period - Deflect By David Kolomatis.
17:57 of 3rd period - Stopped by Ray Emery with a rebound.
17:59 of 3rd period - Backhand shot by Jared Boll.
17:59 of 3rd period - Shot Blocked by Shawn Thornton.
18:20 of 3rd period - Scott Hannan is hit by Daniel Carcillo and loses puck.
18:28 of 3rd period - Off-side.
18:29 of 3rd period - Ryan Spooner wins face-off versus Joel Broda in neutral zone.
18:51 of 3rd period - Saku Koivu is hit by Michael Caruso and loses puck.
18:59 of 3rd period - Icing by Saku Koivu.
19:00 of 3rd period - Brad Winchester wins face-off versus Landon Ferraro in Barons zone.
19:15 of 3rd period - Slapshot by Yannick Weber.
19:15 of 3rd period - Shot Blocked by Scott Hannan.
19:17 of 3rd period - Slapshot by Scott Glennie.
19:17 of 3rd period - Shot Misses the Net.
19:19 of 3rd period - Slapshot by Michael Caruso.
19:19 of 3rd period - Stopped by Ray Emery with a rebound.
Goals for this period are 1 for Barons vs 0 for Wolves.
Shots for this period are 5 for Barons vs 15 for Wolves.


Output by the SimonT Hockey Simulator (STHS) for Eric Dolegowski -- Original Page W3C XHTML 1.0 Valid
Hockey Simulator - Hockey Simulation - Hockey Manager